 Seeded DCSS version 0.25-a0-378-gd2ca0b7 (webtiles) character file.

Game seed: 7849781852510687722, levelgen mode: deterministic

2 Auros the Grave Robber (level 1, -6/14 HPs)
             Began as a Demigod Necromancer on Jan 7, 2020.
             Mangled by a hobgoblin
             ... wielding a +0 club
              (7 damage)
             ... on level 1 of the Dungeon.
             The game lasted 00:04:58 (319 turns).

Auros the Grave Robber (Demigod Necromancer)         Turns: 319, Time: 00:04:58

Health: -6/14      AC:  2    Str: 11    XL:     1   Next: 26%
Magic:  5/5        EV: 12    Int: 19    God:
Gold:   36         SH:  0    Dex: 16    Spells: 1/3 levels left

rFire    . . .     SeeInvis .   c - +0 dagger
rCold    . . .     Gourm    .   (no shield)
rNeg     . . .     Faith    .   a - +0 robe
rPois    .         Spirit   .   (no helmet)
rElec    .         Reflect  .   (no cloak)
rCorr    .         Harm     .   (no gloves)
MR       .....                  (no boots)
Stlth    ++........             (no amulet)
HPRegen  0.04/turn              (no ring)
MPRegen  0.09/turn              (no ring)

@: no status effects
A: high mp 1
a: no special abilities


You were on level 1 of the Dungeon.
You were not hungry.

You visited 1 branch of the dungeon, and saw 1 of its levels.

You collected 36 gold pieces.

Inventory:

Hand Weapons
 c - a +0 dagger (weapon)
Missiles
 b - 23 arrows
Armour
 a - a +0 robe (worn)
 f - a +0 leather armour
Potions
 e - a potion of agility {unknown}
Comestibles
 d - 5 chunks of flesh
 z - a ration


   Skills:
 + Level 0.0 Short Blades
 - Level 1.8 Dodging
 + Level 1.8 Stealth
 + Level 1.8 Spellcasting
 + Level 3.6 Necromancy


You had one spell level left.
You knew the following spells:

 Your Spells              Type           Power        Failure   Level  Hunger
a - Pain                  Necr           ###.         3%          1    #......
b - Animate Skeleton      Necr           N/A          3%          1    #......

Your spell library contained the following spells:

 Spells                   Type           Power        Failure   Level  Hunger
 Vampiric Draining        Necr           ###.......   12%         3    ###....
 Animate Dead             Necr           N/A          36%         4    #####..
 Agony                    Necr           ###.....     71%         5    ######.


Dungeon Overview and Level Annotations

Branches:
Dungeon (1/15)


Innate Abilities, Weirdness & Mutations

You have an increased reservoir of magic. (+10% MP)


Message History

The hobgoblin hits you with a +0 club.
* * * LOW HITPOINT WARNING * * *
You swap places.
Your bat skeleton barely misses the hobgoblin.
Your bat skeleton closely misses the hobgoblin.
Your bat skeleton hits the hobgoblin but does no damage.
The hobgoblin hits your bat skeleton with a +0 club.
Your bat skeleton is destroyed!
You swap places.
The hobgoblin hits your hobgoblin skeleton but does no damage.
Your hobgoblin skeleton closely misses the hobgoblin.
The hobgoblin hits your hobgoblin skeleton with a +0 club.
Your hobgoblin skeleton closely misses the hobgoblin.
You see here a leather armour.
f - a leather armour The hobgoblin hits you with a +0 club.
* * * LOW HITPOINT WARNING * * *
The hobgoblin hits you with a +0 club!
Ouch! That really hurt!
You die...

############### ..............#
#########.###.#.### #.....#...#
###...# ###.###g#.### ###.# #...#
#@..# #...# #####.#.###.#.#
###.### #.....#.....#.# #.....#
## ###.#######.#########.###.# .#
#...#...# #.....#...#...#...
.####.###.#.#####.#.#.#.###.####.
......# #<#...#...#...#...#...# #
.####.#######.#.#####.#####.#.#
.# ##......##...# #.......#.#


You could see a hobgoblin.

Vanquished Creatures
  A hobgoblin (D:1)
  A bat (D:1)
2 creatures vanquished.

Vanquished Creatures (collateral kills)
  A frilled lizard (D:1)
1 creature vanquished.

Grand Total: 3 creatures vanquished

Notes
Turn   | Place    | Note
-------+----------+-------------------------------------------
     0 | D:1      | Auros the Demigod Necromancer began the quest for the Orb.
     0 | D:1      | Reached XP level 1. HP: 14/14 MP: 5/5
     2 | D:1      | Learned a level 1 spell: Animate Skeleton
   319 | D:1      | Mangled by a hobgoblin

Levels and vault maps discovered:
D:1:      elethiomel_arrival_maze, layout_loops_ring

Action                   || total
-------------------------++-------
Melee: Dagger            ||    11
 Cast: Animate Skeleton  ||     2
Armor: Robe              ||     5
Dodge: Dodged            ||     9

Table legend:
 A = Non-vault XP
 B = Vault XP
 C = Vault XP percentage of total XP
 D = Non-vault monster count
 E = Vault monster count
 F = Vault count percentage of total count
                 A         B        C        D         E       F
            +---------+---------+-------+---------+---------+-------
      Total |       4 |       0 |   0.0 |       3 |       0 |   0.0
            +---------+---------+-------+---------+---------+-------
        D:1 |       4 |       0 |   0.0 |       3 |       0 |   0.0
            +---------+---------+-------+---------+---------+-------
